Map: Abyssal Reef LE

Players

Nerchio

  • Race: Zerg Zerg
  • Spawn Location: 11:00

uThermal - Winner!

  • Race: Terran Terran
  • Spawn Location: 5:00

Event: WCS Austin 2017

VOD

Have the link to the VOD?

Description

Time

  • Played on: April 28, 2017, 8:57 p.m.
  • Length: 16:43

All games in this series

Show
View Real Time Build Order
Export as new Build Order

Nerchio Zerg 

Build Orders: Pool First 

Get SALT Encoding   

  12  0:00  Drone  
  13  0:12  Overlord  
  13  0:17  Drone  
  14  0:30  Drone x2  
  14  0:34  Drone  
  17  0:39  Extractor  
  16  0:45  Drone  
  17  0:52  Spawning Pool  
  17  0:56  Drone  
  17  1:06  Drone  
  18  1:22  Hatchery  
  17  1:34  Drone  
  18  1:40  Roach Warren  
  18  1:41  Zergling x2  
  18  1:53  Queen  
  20  1:57  Drone  
  21  2:04  Overlord  
  21  2:23  Roach x3  
  27  2:31  Queen  
  27  2:35  Drone  
  30  2:39  Drone  
  31  2:45  Drone x2  
  33  2:54  Ravager x3  
  33  2:57  Overlord  
  36  3:03  Overlord  
  36  3:16  Drone x4  
  36  3:17  Drone  
  41  3:22  Overlord  
  41  3:27  Drone  
  41  3:29  Drone  
  43  3:35  Drone  
  43  3:36  Drone x2  
  43  3:39  Drone  
  47  3:41  Drone  
  47  3:45  Drone  
  49  3:48  Drone  
  49  3:53  Roach  
  52  3:57  Queen  
  52  4:02  Zergling x6  
  55  4:17  Lair  
  55  4:19  Overlord  
  55  4:20  Evolution Chamber, Extractor  
  55  4:21  Drone x2  
  55  4:22  Drone x3  
  58  4:36  Drone  
  58  4:37  Hatchery  
  58  4:39  Drone x2  
  58  4:40  Drone  
  58  4:44  Drone  
  62  4:46  Overlord  
  62  4:52  Zerg Ground Armor Level 1, Extractor  
  61  4:55  Overlord  
  61  4:59  Overlord  
  61  5:01  Extractor  
  61  5:03  Overlord  
  60  5:11  Spore Crawler  
  59  5:15  Drone x5  
  59  5:16  Drone  
  65  5:26  Drone, Spire  
  65  5:27  Drone  
  66  5:32  Spore Crawler  
  66  5:33  Drone  
  66  5:36  Overseer  
  66  5:38  Glial Reconstitution  
  66  5:44  Roach  
  66  5:45  Roach  
  66  5:46  Roach  
  72  5:50  Queen  
  74  5:57  Overlord  
  73  6:14  Drone x3  
  73  6:15  Drone  
  73  6:17  Drone x2  
  76  6:37  Mutalisk x5  
  76  6:38  Mutalisk  
  76  6:39  Drone x2  
  93  6:40  Drone x4  
  93  6:41  Overlord  
  93  6:42  Drone  
  93  6:43  Drone  
  95  6:49  Drone, Evolution Chamber  
  95  6:50  Infestation Pit  
  95  6:53  Zerg Missile Weapons Level 1  
  94  6:56  Overlord  
  94  7:00  Overlord  
  94  7:02  Overlord  
  94  7:07  Extractor x2  
  90  7:16  Drone  
  90  7:17  Drone x8  
  90  7:21  Roach  
  98  7:27  Roach x2  
  98  7:28  Roach  
  100  7:32  Overlord  
  100  7:33  Roach  
  100  7:36  Overlord  
  102  7:50  Zerg Ground Armor Level 2  
  102  7:55  Drone x9  
  107  8:00  Infestor  
  107  8:06  Infestor  
  107  8:08  Drone x2  
  107  8:09  Drone  
  107  8:10  Drone  
  107  8:11  Drone  
  111  8:16  Drone  
  110  8:29  Hive  
  110  8:35  Roach x4  
  110  8:39  Roach x2, Hatchery  
  110  8:40  Roach  
  120  8:48  Drone x5  
  122  8:53  Drone x2  
  125  8:56  Roach x2  
  129  9:09  Burrow  
  129  9:15  Zergling x10  
  134  9:18  Ravager, Roach x3  
  134  9:19  Ravager x4  
  134  9:21  Overlord  
  134  9:23  Overlord x2  
  145  9:30  Overlord  
  145  9:34  Zerg Melee Weapons Level 1  
  145  9:36  Overlord x2  
  145  9:39  Metabolic Boost  
  145  9:43  Ultralisk Cavern  
  144  9:52  Drone x2  
  141  10:02  Roach x3  
  141  10:03  Roach  
  146  10:22  Roach  
  146  10:29  Chitinous Plating  
  146  10:31  Ultralisk x3  
  164  10:41  Hatchery  
  164  10:42  Ultralisk  
  165  11:03  Hatchery  
  161  11:05  Ultralisk  
  161  11:06  Zergling x2  
  162  11:19  Ultralisk  
  162  11:20  Hatchery  
  162  11:24  Ultralisk  
  175  11:35  Ultralisk  
  181  11:44  Drone x3  
  184  11:47  Hatchery  
  184  11:49  Drone x2  
  184  11:51  Extractor  
  184  12:05  Overlord x3  
  183  12:11  Ravager  
  183  12:12  Ravager x4  
  158  12:29  Ultralisk  
  117  12:30  Zergling x2  
  117  12:31  Zergling x6  
  117  12:39  Drone x3  
  117  12:40  Drone x2  
  117  12:41  Drone  
  124  12:58  Zergling x8  
  124  13:01  Extractor  
  126  13:08  Ultralisk  
  132  13:13  Zergling x2  
  132  13:14  Zergling x6  
  133  13:26  Ultralisk  
  112  13:37  Ultralisk  
  118  13:44  Hatchery  
  123  13:48  Ultralisk  
  123  13:58  Ultralisk  
  129  14:08  Ultralisk  
  133  14:18  Ultralisk  
  137  14:26  Ultralisk  
  143  14:34  Zergling x10  
  142  14:38  Zergling x6  
  145  14:45  Zergling x2  
  145  14:46  Zergling x8  
  145  14:50  Infestor  
  145  14:52  Infestor  
  152  14:59  Zergling x8  
  149  15:10  Zergling x8  
  149  15:11  Zergling x4  
  116  15:24  Hatchery  
  116  15:25  Infestor  
  116  15:27  Infestor  
  119  15:31  Roach x2  
  119  15:33  Roach  
  125  15:37  Roach  
  125  15:39  Roach  
  129  15:44  Roach x2  
  129  15:46  Roach  
  135  15:50  Roach  
  135  15:52  Roach  
  135  15:56  Roach  
  138  15:58  Ravager x4  
  140  16:06  Roach x3  
  128  16:12  Ravager x2  
  128  16:13  Zergling x6  
  130  16:18  Zergling x2  
  130  16:19  Zergling x6  
Show
View Real Time Build Order
Export as new Build Order

uThermal Terran - Winner!

Build Orders: Bio Tank, Hellion Banshee 

Get SALT Encoding   

  12  0:01  SCV  
  13  0:13  SCV  
  14  0:17  Supply Depot  
  14  0:25  SCV  
  15  0:38  SCV  
  15  0:39  Barracks  
  16  0:50  SCV  
  17  1:02  SCV  
  18  1:14  Command Center  
  18  1:18  SCV  
  19  1:26  Marine  
  19  1:31  Orbital Command  
  20  1:42  Supply Depot  
  20  1:44  Marine  
  21  1:47  Refinery  
  21  1:51  Refinery  
  21  1:57  SCV  
  22  2:02  Marine  
  23  2:09  SCV  
  23  2:20  Marine  
  23  2:21  SCV  
  25  2:28  Orbital Command  
  25  2:33  SCV  
  26  2:37  Factory  
  26  2:42  Bunker  
  26  2:45  Barracks Reactor, SCV  
  27  2:53  SCV  
  27  2:57  SCV  
  29  3:05  SCV  
  30  3:09  SCV  
  31  3:17  SCV  
  32  3:21  SCV  
  32  3:22  Starport  
  32  3:26  Hellion  
  32  3:27  Hellion  
  37  3:29  SCV  
  37  3:31  Supply Depot, Marine  
  37  3:33  SCV  
  40  3:41  SCV  
  40  3:46  SCV  
  40  3:48  Hellion x2  
  46  3:50  Barracks Tech Lab  
  46  3:53  SCV  
  46  3:54  Supply Depot  
  47  3:58  SCV  
  47  4:00  Viking  
  49  4:06  SCV  
  50  4:10  Hellion, SCV  
  50  4:16  Supply Depot, Hellion  
  55  4:18  SCV  
  55  4:22  SCV  
  57  4:30  SCV  
  58  4:34  SCV  
  58  4:38  Cloaking Field, Banshee  
  59  4:42  SCV  
  63  4:46  SCV  
  64  4:53  Command Center, Barracks Tech Lab  
  64  4:54  SCV  
  64  4:58  SCV  
  66  5:02  Engineering Bay x2  
  66  5:04  Refinery  
  66  5:06  Refinery, SCV  
  67  5:10  Supply Depot, SCV  
  68  5:18  Marine  
  68  5:19  Stimpack  
  68  5:21  SCV  
  70  5:25  Factory Reactor  
  70  5:32  SCV, Banshee  
  70  5:34  Barracks  
  74  5:36  Barracks  
  74  5:37  Terran Infantry Armor Level 1, Terran Infantry Weapons Level 1  
  74  5:39  Marine  
  75  5:43  SCV  
  75  5:47  SCV  
  75  5:48  Supply Depot  
  77  5:55  SCV  
  78  5:59  Barracks  
  78  6:00  Barracks  
  78  6:04  Marine, SCV  
  78  6:06  Orbital Command  
  78  6:07  SCV  
  80  6:16  SCV  
  81  6:19  SCV  
  81  6:22  Marine  
  83  6:27  Supply Depot, Marine  
  83  6:28  Marine, SCV  
  83  6:29  Starport Reactor, Armory  
  83  6:30  Supply Depot  
  83  6:32  SCV  
  85  6:36  Marine  
  85  6:37  Siege Tank, Marine  
  85  6:39  Marine  
  90  6:40  SCV  
  90  6:41  Supply Depot  
  90  6:42  Orbital Command  
  90  6:44  SCV  
  90  6:45  Marine  
  90  6:47  Barracks Reactor x2  
  94  6:52  Marine  
  94  6:53  SCV  
  96  6:54  Marine  
  96  6:56  SCV  
  96  6:57  Bunker  
  98  7:04  Marine x2  
  98  7:05  Supply Depot, SCV  
  98  7:07  Medivac  
  103  7:11  Missile Turret  
  103  7:13  Medivac  
  105  7:18  Missile Turret  
  105  7:20  Missile Turret  
  105  7:25  Siege Tank  
  105  7:26  Missile Turret  
  105  7:27  Marine  
  105  7:29  SCV  
  100  7:37  Marine x3, SCV  
  100  7:39  Marine  
  100  7:42  Marine x2, SCV  
  100  7:44  Marine  
  105  7:50  Combat Shields, Marine x2, SCV  
  108  7:54  Medivac  
  108  7:55  Marine  
  108  7:58  Refinery  
  111  8:00  Refinery  
  111  8:01  Marine  
  111  8:03  SCV  
  111  8:04  Siege Tank  
  116  8:09  Marine  
  116  8:10  Marine  
  114  8:15  SCV  
  114  8:16  SCV  
  114  8:17  Terran Infantry Weapons Level 2  
  116  8:20  Terran Infantry Armor Level 2  
  116  8:22  Marine  
  116  8:25  Marine  
  118  8:27  Marine  
  118  8:32  Factory  
  118  8:33  Marine  
  120  8:36  Marine  
  120  8:37  Siege Tank  
  120  8:40  Marine  
  125  8:42  Marine  
  125  8:47  Marine x2  
  124  8:50  Medivac x2  
  124  8:51  Marine  
  124  8:52  Supply Depot  
  124  8:53  Supply Depot x2  
  127  8:56  Marine  
  127  8:59  Marine x2  
  127  9:01  Marine  
  128  9:06  SCV  
  128  9:07  SCV  
  128  9:09  Barracks  
  123  9:10  Barracks x2, Marine x2, SCV  
  123  9:14  Marine  
  123  9:16  Factory Tech Lab, Siege Tank  
  127  9:18  Supply Depot  
  127  9:19  SCV x2  
  127  9:21  Marine x2  
  127  9:22  SCV  
  132  9:24  Medivac  
  132  9:28  Medivac  
  132  9:29  Marine  
  132  9:31  SCV  
  138  9:33  Terran Vehicle Weapons Level 1  
  138  9:36  Marine x2  
  138  9:37  Marine  
  141  9:43  Missile Turret  
  141  9:44  Marine  
  142  9:46  Marine x2, Siege Tank  
  142  9:49  Siege Tank  
  150  9:54  Supply Depot  
  150  9:56  Supply Depot  
  150  9:57  Barracks Tech Lab x2  
  150  9:58  Barracks Tech Lab  
  144  10:03  Marine x3  
  144  10:04  Marauder  
  144  10:05  Medivac  
  144  10:06  Marine  
  144  10:07  Marine x2  
  151  10:08  Marine  
  150  10:16  Marauder  
  150  10:17  Marauder, Concussive Shells  
  150  10:20  Marauder, Marine  
  156  10:22  Marine x2  
  156  10:25  Marauder  
  156  10:26  SCV  
  158  10:29  Siege Tank  
  158  10:34  Marine  
  158  10:35  Marine  
  163  10:37  SCV  
  163  10:38  Marauder  
  163  10:40  SCV  
  163  10:42  Marine  
  158  10:43  Missile Turret  
  158  10:48  SCV  
  159  10:50  SCV  
  159  10:51  Marine  
  159  10:52  SCV  
  159  10:53  Marine  
  161  11:00  SCV  
  161  11:02  Marine, SCV  
  160  11:05  Marine x2  
  160  11:08  Marine x2  
  163  11:15  Marine  
  163  11:16  Marauder  
  163  11:17  Marine  
  167  11:25  Siege Tank  
  170  11:27  Marine  
  174  11:36  Siege Tank  
  174  11:39  Terran Infantry Weapons Level 3  
  174  11:45  Terran Infantry Armor Level 3  
  174  11:46  Marine  
  175  11:57  Siege Tank  
  177  12:08  Siege Tank, Marine  
  181  12:21  Marauder  
  181  12:22  Marauder  
  171  12:23  Medivac, Marine x2  
  171  12:24  Marauder x2  
  171  12:28  Marine  
  144  12:30  Medivac, Marine  
  120  12:37  Marine x2  
  120  12:42  Siege Tank  
  120  12:43  Marauder  
  127  12:48  Siege Tank  
  130  12:51  Command Center  
  130  12:52  Marauder, Marine  
  130  12:53  Marine  
  130  12:54  Marine  
  130  12:56  Marine  
  136  12:59  Marine  
  136  13:00  Marine  
  136  13:05  Liberator  
  138  13:07  Liberator  
  138  13:10  Marine  
  138  13:11  Marauder, Marine  
  142  13:15  Siege Tank  
  135  13:28  Marauder  
  135  13:29  Marine  
  138  13:40  Siege Tank  
  140  13:43  Marine  
  140  13:44  Marauder  
  140  13:46  Marine  
  140  13:47  Marine  
  145  13:50  Marine  
  145  13:53  Marauder  
  145  13:54  Liberator  
  148  13:58  Marine  
  148  14:00  Liberator, Marine  
  151  14:02  Marine  
  151  14:03  Marine  
  151  14:06  Planetary Fortress  
  147  14:21  Marauder, Marine  
  147  14:23  Marine  
  150  14:24  Marauder  
  150  14:28  Marine  
  150  14:29  Marauder  
  153  14:33  Marauder, Marine  
  153  14:35  Marine  
  157  14:39  Marine x2  
  157  14:43  Marauder, Marine x2  
  163  14:46  Siege Tank  
  163  14:50  Siege Tank  
  169  14:58  Marine  
  169  14:59  Marauder, Marine  
  175  15:00  Marauder  
  175  15:01  Liberator  
  175  15:02  Liberator, Marine  
  175  15:04  Marine x2  
  175  15:06  Marine  
  160  15:22  Marauder, Marine x2  
  160  15:23  Marauder, Marine  
  160  15:26  Marine  
  166  15:29  Marine  
  166  15:31  Marauder, Marine  
  166  15:32  Marine  
  171  15:36  Siege Tank  
  171  15:40  Marine x2  
  175  15:45  Marine  
  175  15:46  Marauder  
  175  15:47  Marine  
  179  15:56  Marauder, Marine  
  180  15:58  Marauder, Marine  
  182  16:08  Marine x2  
  182  16:09  Marauder x2  
  185  16:14  Marine  
  185  16:15  Marine  
  185  16:17  Marine  
  185  16:18  Marauder  
  190  16:19  Marine  
Tags
 
Add a new tag
Caveats
  • Supply blocks, unpowered buildings, or Contaminate may cause inaccurate times.
  • Supply counts are checked every 10 seconds.